AoeStats
← toomuchdog

MegaRandom

509544078Analyzed
2v2 RM · 7d ago on Sep 27, 2026· 55m 56s· 4 players
Game mode
Random Map
Map size
Medium (4 player)
Population
200
Speed
Normal
Resources
Standard
Victory
Conquest
Starting age
Dark Age
Ending age
Imperial Age
RankedLock teamsTeams togetherTeam positionsShared explorationLock speedFull tech treeHidden civsTurbo modeCheats
Victory
Defeat
🇨🇦 Shu · Canada
1312
+16
1240
+18
1304
-17
🇲🇽 Georgians · Mexico
1296
-17
toomuchdog
6:57 Loom
10:36 Feudal Age
11:07 Double-Bit Axe
10:45 Man-at-Arms
20:07 Castle Age
19:42 Gold Mining
20:55 Arson
21:13 Squires
22:14 Bow Saw
22:17 Scale Mail Armor
23:17 Horse Collar
24:25 Chain Mail Armor
24:26 Forging
27:47 Arson
29:35 Town Watch
33:41 Coiled Serpent Array
34:29 Fletching
35:23 Wheelbarrow
39:21 Imperial Age
37:16 Stone Mining
39:40 Hand Cart
42:04 Conscription
43:07 Plate Mail Armor
43:31 Heavy Plow
44:47 Chemistry
45:13 Elite White Feather Guard
46:45 Gambesons
48:45 Scale Barding Armor
49:53 Ballistics
49:39 Siege Engineers
49:30 Bodkin Arrow
49:56 Chain Barding Armor
50:58 Bracer
52:05 Husbandry
51:25 Heavy Hei Guang Cavalry
52:42 Plate Barding Armor
53:32 Town Patrol
55:24 Light Cavalry
twitch.tv/aceinspace93
7:44 Loom
10:30 Feudal Age
12:26 Double-Bit Axe
15:01 Fletching
24:32 Castle Age
22:27 Horse Collar
23:17 Gold Mining
23:51 Padded Archer Armor
24:35 Crossbowman
25:39 Bow Saw
25:31 Heavy Plow
25:58 Bodkin Arrow
27:48 Wheelbarrow
28:24 Ballistics
28:39 Thumb Ring
33:27 Leather Archer Armor
36:25 Stone Mining
37:25 Hand Cart
38:00 Stone Shaft Mining
45:48 Imperial Age
49:52 Imperial Age
48:02 Chatras
48:09 Scale Barding Armor
48:15 Forging
48:25 Bloodlines
49:27 Chain Barding Armor
51:45 Iron Casting
[Los Sanguinarios] Daro087
2:29 Loom
11:32 Feudal Age
12:23 Double-Bit Axe
15:15 Horse Collar
16:06 Forging
23:31 Castle Age
22:23 Bloodlines
23:00 Scale Barding Armor
23:35 Light Cavalry
28:23 Chain Barding Armor
36:35 Fletching
49:35 Scale Mail Armor
50:12 Iron Casting
50:18 Chain Mail Armor
51:31 Gambesons
53:09 Squires
Stranngel
4:40 Loom
11:57 Feudal Age
15:45 Castle Age
14:03 Double-Bit Axe
24:59 Horse Collar
26:51 Bow Saw
26:48 Heavy Plow
27:28 Wheelbarrow
29:56 Ballistics
31:49 Fletching
34:07 Bodkin Arrow
36:29 Husbandry
36:40 Bloodlines
37:02 Scale Barding Armor
41:35 Imperial Age
40:01 Town Watch
40:32 Forging
40:43 Chain Barding Armor
43:58 Plate Barding Armor
44:38 Cavalier
45:54 Iron Casting
46:10 Hand Cart
47:33 Chemistry
46:17 Light Cavalry
47:26 Conscription
47:26 Hussar
53:29 Gold Mining
54:12 Crop Rotation
Connection lost

Rejoining the realm…

Still unreachable

The connection could not be restored.

Session expired

The server has moved on; the page needs a fresh start.